Map: Templo óseo EE

Players

MrFercho

  • Race: Zerg Zerg
  • League: Silver
  • Spawn Location: 7:00

TATORREA

  • Race: Protoss Protoss
  • League: Silver
  • Spawn Location: 7:00

tigro

  • Race: Terran Terran
  • League: Bronze
  • Spawn Location: 6:00

xtro - Winner!

  • Race: Zerg Zerg
  • League: Gold
  • Spawn Location: 12:00

SilverWings - Winner!

  • Race: Zerg Zerg
  • League: Platinum
  • Spawn Location: 1:00

BAGRE - Winner!

  • Race: Terran Terran
  • League: Gold
  • Spawn Location: 3:00

VOD

Have the link to the VOD?

Description

Time

  • Played on: June 8, 2020, 9:54 p.m.
  • Length: 23:53
Show
View Real Time Build Order
Export as new Build Order

MrFercho Zerg 

Build Orders: Hatch First 

Get SALT Encoding   

  12  0:01  Drone  
  13  0:13  Overlord  
  13  0:21  Drone  
  14  0:31  Drone x2  
  17  0:35  Drone  
  17  0:51  Drone  
  18  1:02  Drone  
  19  1:06  Hatchery  
  18  1:17  Spawning Pool  
  17  1:20  Drone  
  18  1:26  Drone  
  18  1:30  Drone  
  20  1:40  Extractor  
  20  1:41  Drone  
  20  1:56  Drone  
  20  2:01  Overlord  
  21  2:17  Queen  
  21  2:19  Queen  
  21  2:20  Drone x2  
  27  2:26  Drone  
  27  2:29  Drone  
  29  2:47  Roach Warren  
  28  2:58  Spine Crawler  
  27  3:01  Extractor  
  26  3:23  Drone  
  26  3:24  Drone x3  
  30  3:41  Roach  
  30  3:42  Roach x2  
  30  3:44  Overlord x3  
  36  3:59  Overlord x2  
  36  4:01  Queen  
  36  4:02  Roach x3  
  44  4:08  Roach x2  
  48  4:13  Lair  
  48  4:29  Overlord x3  
  48  4:32  Drone x3  
  51  4:53  Evolution Chamber  
  44  5:25  Drone x5  
  44  5:26  Evolution Chamber, Drone  
  44  5:27  Drone x6  
  55  5:32  Extractor  
  54  5:49  Hydralisk Den  
  53  5:53  Hatchery  
  53  5:57  Drone x2  
  53  5:59  Drone x2  
  56  6:09  Drone x2  
  58  6:15  Drone x2  
  60  6:21  Zerg Missile Weapons Level 1  
  60  6:26  Zerg Ground Armor Level 1  
  60  6:38  Hydralisk x9  
  63  7:16  Drone x11  
  72  7:34  Spore Crawler  
  60  7:44  Ravager x4  
  52  7:45  Ravager  
  52  7:50  Drone x8  
  52  7:51  Drone  
  58  8:07  Spore Crawler  
  58  8:09  Queen  
  58  8:11  Spore Crawler  
  53  8:24  Hydralisk Den  
  53  8:26  Zerg Missile Weapons Level 2  
  52  8:41  Drone x2  
  53  8:42  Drone x2  
  53  8:46  Drone  
  57  9:01  Hydralisk x7  
  71  9:11  Overlord  
  71  9:12  Overlord  
  71  9:48  Overlord x5  
  71  10:20  Drone x7  
  71  10:21  Drone x5  
  83  10:26  Hatchery  
  82  10:34  Extractor  
  82  10:35  Hatchery  
  80  10:36  Extractor  
  80  10:41  Extractor  
  78  10:44  Extractor  
  78  10:45  Drone  
  78  10:46  Drone x5  
  83  10:56  Drone x2  
  62  11:39  Spore Crawler  
  54  11:44  Hydralisk x7  
  64  11:55  Spore Crawler  
  61  12:12  Hydralisk  
  61  12:13  Hydralisk x6  
  54  12:40  Hydralisk x6  
  66  12:59  Extractor  
  66  13:05  Hatchery  
  64  13:09  Overlord x3  
  56  13:23  Overseer  
  56  13:32  Spore Crawler  
  53  13:37  Hydralisk x7, Spore Crawler x2  
  53  13:38  Hydralisk  
  67  14:12  Overlord x2  
  67  14:28  Zerg Ground Armor Level 2  
  67  14:29  Hatchery  
  66  14:40  Hatchery  
  65  14:48  Drone  
  65  14:49  Drone x2  
  65  14:50  Infestation Pit  
  67  15:08  Drone  
  67  15:09  Drone x6  
  46  15:32  Overseer  
  44  15:38  Hydralisk x6  
  50  16:45  Hydralisk x6  
  62  17:02  Spire  
  62  17:06  Drone x2  
  63  17:12  Drone  
  63  17:13  Drone  
  65  17:29  Drone x2  
  68  17:30  Drone x3  
  68  17:36  Hive  
  70  17:52  Pneumatized Carapace  
  70  18:07  Spore Crawler  
  70  18:08  Spore Crawler x2  
  67  18:54  Hatchery  
  66  18:58  Hatchery  
  65  19:06  Extractor x2  
  65  19:08  Extractor x2  
  33  19:26  Hydralisk x11  
  33  19:27  Hydralisk x4  
  60  19:40  Mutalisk x2  
  60  19:41  Mutalisk  
  27  20:13  Queen, Drone  
  30  20:15  Overlord  
  30  20:29  Mutalisk x8  
  40  20:42  Spine Crawler x2  
  32  20:44  Spine Crawler  
  30  20:56  Drone x6  
  13  21:05  Lair  
  12  21:41  Drone x8  
  20  21:57  Spawning Pool  
  16  22:17  Drone  
  16  22:18  Drone x5  
  22  22:40  Drone x4  
  26  22:56  Spire  
  25  23:04  Hatchery  
  24  23:06  Hatchery  
  24  23:10  Overlord x5  
  23  23:25  Zergling x2  
  23  23:26  Zergling x12  
  29  23:45  Spire  
Show
View Real Time Build Order
Export as new Build Order

TATORREA Protoss 

Build Orders: Carriers 

Get SALT Encoding   

  12  0:08  Probe  
  13  0:27  Probe  
  14  0:32  Pylon  
  14  0:47  Probe  
  15  1:05  Probe (Chrono Boost)  
  15  1:06  Gateway  
  15  1:09  Gateway  
  16  1:12  Pylon  
  16  1:14  Assimilator  
  16  1:17  Probe (Chrono Boost)  
  17  1:21  Probe (Chrono Boost)  
  18  1:32  Probe  
  19  1:44  Probe  
  20  2:02  Nexus  
  20  2:06  Pylon  
  20  2:07  Probe  
  21  2:12  Zealot (Chrono Boost)  
  23  2:17  Zealot (Chrono Boost)  
  23  2:18  Assimilator  
  25  2:25  Probe  
  26  2:41  Zealot  
  26  2:42  Zealot  
  30  2:55  Probe  
  31  3:09  Zealot x2  
  31  3:11  Probe  
  36  3:16  Probe  
  37  3:23  Probe  
  37  3:24  Cybernetics Core  
  38  3:28  Probe  
  38  3:31  Pylon  
  39  3:35  Probe  
  39  3:40  Probe  
  41  3:47  Probe  
  42  3:52  Probe  
  45  3:55  Zealot  
  45  3:56  Zealot  
  45  3:59  Warp Gate (Chrono Boost)  
  45  4:00  Probe  
  48  4:04  Probe  
  49  4:14  Pylon  
  49  4:22  Twilight Council  
  49  4:23  Robotics Facility  
  49  4:29  Probe  
  49  4:30  Probe  
  51  4:36  Stalker (Chrono Boost)  
  51  4:37  Stalker (Chrono Boost)  
  55  4:47  Probe x2  
  57  4:52  Assimilator  
  57  4:56  Assimilator  
  49  5:14  Probe x2  
  51  5:27  Probe x2  
  53  5:31  Observer  
  53  5:34  Charge  
  54  5:40  Probe x2  
  56  5:45  Gateway  
  56  5:47  Gateway  
  56  5:51  Gateway  
  56  5:53  Immortal  
  56  5:54  Gateway  
  60  5:59  Gateway  
  60  6:01  Probe  
  61  6:29  Probe  
  61  6:31  Nexus  
  62  6:35  Pylon  
  62  6:38  Pylon  
  62  6:42  Pylon  
  62  6:44  Pylon  
  62  6:46  Pylon  
  62  6:47  Pylon  
  62  6:49  Pylon  
  62  6:50  Pylon  
  62  6:53  Probe x2  
  64  6:54  Pylon  
  64  7:04  Stalker  
  64  7:05  Stalker x2, Probe x2  
  64  7:06  Stalker x3  
  64  7:07  Stalker  
  80  7:15  Blink  
  80  7:29  Stalker x3  
  86  7:30  Stalker x2  
  86  7:32  Stalker  
  86  7:36  Stalker  
  92  8:11  Probe x2  
  92  8:12  Probe  
  95  8:23  Probe  
  95  8:24  Probe x2  
  94  8:35  Probe  
  94  8:36  Probe x2  
  97  8:48  Probe  
  89  10:04  Pylon  
  89  10:27  Stargate  
  89  10:30  Stargate  
  89  10:32  Stargate  
  89  10:34  Forge  
  75  10:36  Forge  
  75  10:39  Forge  
  61  10:45  Nexus  
  52  10:56  Immortal  
  56  11:00  Stalker  
  56  11:01  Stalker x3  
  56  11:02  Stalker x2  
  56  11:03  Stalker  
  70  11:11  Assimilator  
  70  11:15  Assimilator  
  70  11:55  Protoss Ground Weapons Level 1 (Chrono Boost)  
  70  11:56  Protoss Ground Armor Level 1 (Chrono Boost)  
  70  12:10  Protoss Air Weapons Level 1  
  70  12:14  Fleet Beacon  
  70  12:17  Phoenix x3  
  76  12:32  Stalker  
  76  12:33  Stalker  
  76  12:34  Stalker x2  
  76  12:35  Stalker  
  76  12:36  Protoss Shields Level 1 (Chrono Boost)  
  86  12:42  Phoenix x3  
  64  13:16  Stalker  
  64  13:17  Stalker x2  
  64  13:18  Stalker x2  
  60  13:41  Stalker  
  60  13:42  Stalker  
  64  13:57  Pylon  
  64  14:00  Pylon  
  64  14:04  Pylon  
  64  14:07  Nexus  
  64  14:28  Stalker x2  
  64  14:29  Stalker  
  64  14:30  Stalker  
  64  14:31  Stalker x2  
  76  14:35  Tempest, Carrier  
  76  14:36  Carrier  
  93  14:43  Protoss Ground Weapons Level 2 (Chrono Boost)  
  93  14:45  Protoss Ground Armor Level 2 (Chrono Boost)  
  93  14:50  Protoss Shields Level 2 (Chrono Boost)  
  93  15:18  Tempest, Pylon  
  98  15:22  Protoss Air Weapons Level 2  
  98  15:23  Pylon  
  98  15:27  Pylon  
  98  15:29  Observer (Chrono Boost)  
  98  15:31  Pylon  
  99  15:35  Stalker  
  99  15:36  Stalker  
  99  15:38  Stalker  
  99  15:39  Carrier  
  99  15:40  Tempest  
  116  15:58  Stalker  
  116  15:59  Stalker x3  
  116  16:00  Stalker  
  116  16:01  Stalker, Carrier  
  134  16:23  Tempest  
  139  16:29  Stalker x2  
  139  16:30  Stalker x4  
  141  16:44  Carrier  
  117  17:05  Tempest  
  117  17:06  Carrier  
  84  17:47  Tempest  
  84  17:48  Protoss Ground Weapons Level 3, Carrier  
  84  17:50  Protoss Ground Armor Level 3  
  95  18:10  Tempest  
  95  18:11  Assimilator  
  100  18:17  Protoss Shields Level 3  
  100  18:19  Assimilator  
  100  18:22  Nexus  
  100  18:31  Carrier  
Show
View Real Time Build Order
Export as new Build Order

tigro Terran 

Build Orders:  

Get SALT Encoding   

  12  0:03  SCV  
  13  0:15  SCV  
  14  0:30  SCV  
  14  0:31  Supply Depot  
  15  0:38  Refinery  
  15  0:52  SCV  
  16  1:02  Barracks  
  16  1:04  SCV  
  17  1:13  Refinery  
  17  1:16  SCV  
  18  1:27  Supply Depot  
  18  1:29  SCV  
  19  1:41  SCV  
  20  1:52  Marine  
  20  1:53  SCV  
  22  2:05  SCV  
  23  2:10  Marine  
  23  2:13  Barracks  
  24  2:17  SCV  
  25  2:28  Marine, Engineering Bay  
  25  2:29  SCV  
  27  2:45  Marine  
  28  2:55  Orbital Command  
  28  3:01  Barracks Tech Lab  
  28  3:03  Marine  
  29  3:18  Factory  
  29  3:24  Barracks Tech Lab  
  29  3:32  Combat Shield  
  29  3:36  Marine  
  30  3:53  Marine  
  28  3:56  Command Center  
  28  3:57  Stimpack  
  28  4:01  Marine  
  29  4:04  Factory Tech Lab  
  29  4:11  Marine  
  30  4:19  Marine  
  30  4:20  Terran Infantry Weapons Level 1  
  31  4:29  Marine  
  32  4:42  Siege Tank  
  35  4:47  Marine  
  35  4:51  Concussive Shells  
  36  4:56  Starport  
  32  5:10  Refinery  
  32  5:34  SCV  
  33  5:42  Medivac  
  33  5:46  SCV  
  36  5:50  Mag-Field Accelerator  
  36  5:52  Refinery  
  36  5:58  SCV  
  37  6:10  Marine, SCV  
  37  6:11  Marine  
  40  6:12  Medivac  
  40  6:14  Terran Infantry Armor Level 1  
  42  6:22  SCV  
  43  6:28  Marine x2  
  45  6:46  Marine x2  
  47  7:04  Marine x2  
  49  7:22  Marine  
  50  7:40  Missile Turret  
  50  8:08  Neosteel Armor  
  50  8:10  Missile Turret  
  46  8:32  Fusion Core  
  39  8:59  SCV  
  40  9:10  Missile Turret  
  40  9:11  SCV  
  41  9:23  SCV  
  42  9:26  Starport Tech Lab  
  42  9:32  Missile Turret  
  42  9:35  SCV  
  43  9:47  SCV  
  43  9:48  Hi-Sec Auto Tracking  
  44  9:54  Missile Turret  
  44  10:05  Marine  
  44  10:06  Marine  
  46  10:12  Weapon Refit  
  46  10:16  Battlecruiser  
  52  10:23  Marine x2  
  54  10:28  Missile Turret  
  54  10:30  Supply Depot  
  55  10:35  SCV  
  55  10:41  Marine x2  
  57  10:47  SCV  
  58  10:54  Supply Depot  
  58  10:59  Marine x2, SCV  
  61  11:17  Armory, Marine x2  
  63  11:21  Battlecruiser  
  47  11:53  Rapid Reignition System  
  35  12:18  Marine x2  
  37  12:25  Battlecruiser  
  43  12:30  Thor  
  43  12:36  Marine x2  
  51  12:49  Advanced Ballistics  
  51  12:53  Marine  
  51  12:54  Marine  
  53  13:11  Marine x2  
  55  13:13  Thor  
  55  13:18  Missile Turret  
  59  13:29  Marine x2  
  61  13:40  Missile Turret  
  61  13:45  Battlecruiser  
  67  13:56  Thor  
  73  14:22  Missile Turret  
  73  14:48  Missile Turret  
  73  14:49  Medivac  
  75  14:56  Marine x2  
  77  15:09  Terran Infantry Weapons Level 2, Missile Turret  
  77  15:14  Marine  
  78  15:27  Marine  
  78  15:42  Medivac, Marine  
  78  15:45  Marine  
  52  16:00  Marine  
  52  16:02  Marine  
  54  16:18  Marine  
  54  16:20  Marine  
  56  16:27  Battlecruiser  
  62  16:36  Marine  
  62  16:38  Marine  
  64  16:54  Marine  
  64  16:56  Marine  
  66  17:11  Marine  
  66  17:14  Marine  
  68  17:25  Terran Infantry Armor Level 2  
  68  17:29  Marine  
  69  17:31  Battlecruiser  
  69  17:32  Marine  
  44  18:36  Battlecruiser  
  38  18:51  Marine  
  38  18:55  Marauder  
  41  19:09  Marine  
  42  19:16  Marauder  
  43  19:27  Marine  
  38  19:37  Marauder  
  40  19:39  Medivac  
  40  19:45  Marine  
  43  19:59  Marauder  
  44  20:03  Marine  
  44  20:10  Battlecruiser  
  47  20:20  Marauder  
Show
View Real Time Build Order
Export as new Build Order

xtro Zerg - Winner!

Build Orders: Pool First 

Get SALT Encoding   

  12  0:02  Drone  
  13  0:18  Drone  
  14  0:26  Extractor  
  14  0:27  Drone  
  14  0:35  Overlord  
  14  0:53  Drone  
  14  0:54  Drone x2  
  17  1:37  Spawning Pool  
  16  1:44  Drone  
  16  1:45  Drone  
  18  1:47  Extractor, Hatchery  
  18  1:50  Drone  
  17  2:08  Drone x2  
  19  2:24  Lair  
  19  2:26  Drone  
  19  2:29  Drone  
  21  2:39  Drone  
  22  3:01  Queen, Drone  
  25  3:09  Evolution Chamber  
  24  3:15  Drone  
  24  3:18  Drone  
  26  3:21  Queen  
  26  3:24  Overlord  
  26  3:25  Overlord  
  28  3:39  Spire  
  27  3:48  Extractor  
  27  3:49  Drone x3  
  29  4:04  Overlord x2  
  29  4:14  Drone x2  
  29  4:15  Drone x3  
  34  4:36  Extractor, Drone x2  
  35  5:12  Mutalisk x3  
  35  5:13  Mutalisk x6  
  53  5:22  Overlord x2  
  53  5:34  Mutalisk x2  
  57  5:41  Mutalisk x2  
  61  5:48  Mutalisk x3  
  67  5:55  Mutalisk  
  69  6:05  Zerg Flyer Weapons Level 1  
  69  6:33  Drone x4  
  69  6:34  Drone  
  74  7:06  Hatchery  
  55  9:59  Mutalisk x5  
  59  10:00  Mutalisk x3  
  59  10:03  Zerg Flyer Weapons Level 2  
  71  10:09  Mutalisk  
  71  10:12  Overlord x2  
  71  10:13  Overlord x3  
  73  10:30  Queen  
  75  10:57  Drone x3  
  64  12:54  Drone x3  
  67  12:58  Extractor  
  60  13:41  Drone x2  
  60  13:42  Drone  
  63  13:54  Zerg Flyer Armor Level 1  
  63  13:57  Infestation Pit  
  63  13:59  Hydralisk Den  
  61  14:05  Infestation Pit  
  61  14:08  Extractor, Drone x2  
  61  14:14  Drone  
  61  14:15  Drone x2  
  64  14:37  Hive  
  64  14:45  Pathogen Glands, Neural Parasite  
  64  15:03  Hatchery  
  63  15:10  Overlord x6  
  63  15:11  Overlord x2  
  63  15:14  Hatchery  
  62  15:56  Corruptor x4  
  62  15:57  Corruptor x5  
  66  15:58  Corruptor x2  
  66  16:02  Corruptor x4  
  66  16:03  Corruptor x2  
  96  16:14  Unknown  
  96  16:21  Drone  
  89  17:53  Queen  
  89  17:54  Drone x3  
  94  18:01  Extractor, Drone x3  
  96  18:12  Drone x3  
  99  18:13  Drone x3  
  99  18:16  Overlord x7  
  99  18:18  Pneumatized Carapace  
  94  21:48  Extractor  
  94  21:51  Extractor  
Show
View Real Time Build Order
Export as new Build Order

SilverWings Zerg - Winner!

Build Orders: Hatch First, Lurkers, Zergling Baneling 

Get SALT Encoding   

  12  0:07  Drone  
  13  0:16  Drone  
  14  0:21  Extractor  
  14  0:22  Drone  
  14  0:25  Extractor  
  14  0:27  Drone  
  16  0:50  Hatchery  
  15  1:00  Extractor  
  14  1:05  Spawning Pool  
  14  1:08  Overlord  
  13  1:12  Extractor  
  13  1:16  Drone  
  14  1:54  Zergling x2  
  14  1:55  Zergling x4  
  17  2:05  Zergling x2  
  17  2:07  Metabolic Boost  
  18  2:09  Queen  
  18  2:13  Queen  
  22  2:17  Zergling x2  
  22  2:21  Zergling x2  
  24  2:29  Overlord  
  24  2:41  Baneling Nest  
  24  2:44  Zergling x2  
  24  3:02  Zergling x6  
  27  3:39  Drone x3  
  27  3:41  Drone x5  
  34  3:57  Zergling x2  
  34  3:58  Zergling x2  
  36  4:40  Overlord x2  
  36  4:43  Baneling  
  36  4:44  Baneling x6  
  36  4:45  Baneling x3  
  36  4:46  Baneling x3  
  32  4:56  Drone x4  
  29  5:17  Extractor  
  29  5:19  Roach Warren  
  27  5:22  Lair  
  27  5:50  Drone x3  
  27  5:51  Drone x6  
  27  5:54  Extractor  
  27  5:56  Extractor  
  34  6:02  Drone  
  35  6:16  Drone x3  
  38  6:32  Drone  
  39  6:33  Drone x3  
  39  6:34  Drone x2  
  39  6:36  Overlord  
  44  7:07  Drone x8  
  52  7:19  Overseer  
  52  7:35  Hydralisk Den  
  51  7:39  Hydralisk Den  
  50  7:51  Overlord x4  
  50  8:06  Grooved Spines  
  50  8:09  Muscular Augments  
  50  8:10  Hydralisk x8  
  50  8:11  Hydralisk x2  
  70  8:15  Hydralisk x3  
  76  8:26  Lurker Den  
  75  8:39  Hydralisk x3  
  75  8:40  Hydralisk x2  
  85  8:57  Evolution Chamber  
  85  8:58  Evolution Chamber  
  85  9:01  Evolution Chamber  
  85  9:02  Overlord x2  
  82  9:03  Hydralisk x5  
  92  9:17  Hatchery  
  91  9:33  Drone x3  
  91  9:34  Drone x4  
  98  10:03  Lurker x6  
  98  10:04  Lurker  
  105  10:11  Extractor, Hydralisk x2  
  105  10:12  Overlord  
  105  10:13  Overlord x5  
  108  10:17  Extractor  
  107  10:25  Infestation Pit  
  104  10:46  Pneumatized Carapace  
  104  10:54  Zerg Melee Weapons Level 1, Zerg Missile Weapons Level 1  
  104  11:01  Zerg Ground Armor Level 1  
  104  11:09  Drone x4  
  104  11:10  Drone x8  
  104  11:11  Drone x3  
  119  11:18  Queen  
  115  11:38  Hydralisk  
  115  11:39  Hydralisk x7  
  125  11:40  Hydralisk x2  
  125  11:44  Overlord  
  135  11:51  Hive  
  135  12:11  Hydralisk x3  
  135  12:12  Hydralisk x5  
  151  12:20  Hatchery  
  150  12:31  Lurker x3  
  153  12:42  Extractor  
  152  12:46  Extractor  
  151  13:19  Seismic Spines  
  151  13:22  Zerg Missile Weapons Level 2, Zerg Ground Armor Level 2, Zerg Melee Weapons Level 2  
  151  13:28  Drone x3  
  151  13:29  Drone x7  
  151  13:30  Drone x8  
  151  13:31  Drone  
  151  13:33  Overlord  
  170  13:35  Overlord x4  
  170  13:50  Hydralisk  
  170  13:51  Hydralisk x5  
  170  13:52  Hydralisk  
  184  14:17  Adaptive Talons  
  184  14:22  Queen  
  186  14:25  Hydralisk x2  
  186  14:26  Hydralisk x5  
  200  14:36  Adrenal Glands  
  200  15:11  Spire  
  183  16:01  Zerg Missile Weapons Level 3, Zerg Melee Weapons Level 3, Zerg Ground Armor Level 3  
  183  16:04  Centrifical Hooks  
  183  16:19  Overseer x3  
  183  16:20  Overseer x2  
  141  17:01  Hydralisk x7  
  138  17:02  Hydralisk x7  
  138  17:03  Hydralisk x5  
  138  17:04  Hydralisk x6  
  138  17:05  Hydralisk x6  
  200  17:15  Hydralisk x8  
  190  17:32  Lurker  
  190  17:33  Lurker x6  
  190  17:34  Lurker x2  
  186  17:56  Lurker x8  
  186  17:57  Lurker x3  
  197  18:22  Hydralisk  
  179  19:30  Hydralisk x6  
  191  19:32  Overlord x7  
  187  20:12  Hydralisk x3  
  187  20:13  Hydralisk x3  
  195  23:35  Hatchery  
Show
View Real Time Build Order
Export as new Build Order

BAGRE Terran - Winner!

Build Orders:  

Get SALT Encoding   

  12  0:03  SCV  
  13  0:15  SCV  
  14  0:27  Supply Depot  
  14  0:31  SCV  
  15  0:37  Refinery  
  15  0:51  Barracks  
  15  0:59  SCV  
  16  1:08  Engineering Bay  
  16  1:11  SCV  
  16  1:17  Supply Depot  
  17  1:23  SCV  
  18  1:35  SCV  
  19  1:43  Refinery  
  19  1:47  SCV  
  20  2:00  SCV  
  21  2:12  SCV  
  22  2:21  Command Center  
  22  2:24  SCV  
  23  2:36  SCV  
  24  2:43  Factory  
  24  2:49  Orbital Command  
  24  3:08  Marine  
  25  3:26  Marine  
  26  3:29  Factory Tech Lab, Missile Turret  
  26  3:37  Starport  
  26  3:41  Planetary Fortress  
  26  3:50  Missile Turret  
  26  4:10  Missile Turret  
  29  4:17  Siege Tank  
  29  4:19  Starport  
  29  4:21  Starport Tech Lab  
  29  4:27  SCV  
  30  4:36  Refinery  
  30  4:39  SCV  
  31  4:49  Siege Tank  
  31  4:51  SCV  
  35  5:03  SCV  
  36  5:07  Barracks Tech Lab, Missile Turret  
  36  5:15  SCV  
  36  5:21  Siege Tank  
  40  5:24  Refinery  
  40  5:29  Barracks  
  40  5:53  Siege Tank  
  40  5:55  SCV  
  44  6:00  Starport Tech Lab  
  44  6:08  Command Center, SCV  
  45  6:20  SCV  
  46  6:42  Supply Depot  
  46  6:59  Cloaking Field  
  46  7:01  Hyperflight Rotors  
  46  7:03  SCV  
  46  7:04  Widow Mine  
  49  7:10  Barracks Reactor  
  49  7:12  Marine  
  50  7:16  Medivac, SCV  
  50  7:20  Medivac  
  50  7:21  Supply Depot  
  55  7:30  Marine  
  56  7:40  Widow Mine  
  58  7:45  Supply Depot  
  58  7:48  Marine  
  59  7:54  Marine  
  59  7:55  Marine  
  61  8:01  Widow Mine  
  63  8:06  Marine  
  63  8:09  Armory  
  63  8:12  Marine x2  
  66  8:23  Marine, Planetary Fortress, Widow Mine  
  66  8:26  Missile Turret  
  69  8:30  Marine x2  
  69  8:32  SCV  
  72  8:41  Marine  
  72  8:44  SCV  
  72  8:46  Missile Turret  
  72  8:48  Marine x2  
  76  9:00  Marauder  
  78  9:03  SCV  
  78  9:09  Missile Turret  
  79  9:10  Hi-Sec Auto Tracking  
  79  9:15  SCV  
  80  9:17  Supply Depot  
  80  9:21  Marauder  
  82  9:27  SCV  
  83  9:34  Siege Tank  
  86  9:39  Supply Depot  
  86  10:06  Combat Shield, Siege Tank  
  89  10:12  Marine x3  
  92  10:23  SCV  
  93  10:30  Marine x2  
  93  10:31  Marauder  
  93  10:35  SCV  
  98  10:45  Drilling Claws  
  98  10:47  SCV  
  98  10:48  Marine x2  
  101  10:52  Marauder  
  103  11:05  Marine  
  103  11:06  Marine  
  103  11:10  Medivac  
  103  11:11  Medivac  
  109  11:14  Marauder  
  111  11:25  Stimpack  
  111  11:35  Marauder  
  113  11:40  Medivac  
  113  11:41  Medivac  
  117  12:16  Supply Depot  
  117  12:37  Marine x3, Banshee  
  117  12:39  Supply Depot  
  123  12:55  Marine x2  
  125  13:00  Banshee  
  119  13:20  Banshee  
  120  13:43  Banshee  
  120  14:14  Supply Depot  
  120  14:20  Terran Infantry Weapons Level 1  
  120  14:30  Refinery  
  120  14:31  Refinery  
  120  14:36  Supply Depot  
  120  14:41  Command Center  
  120  14:44  Missile Turret  
  120  15:04  Missile Turret  
  120  15:41  Missile Turret  
  120  15:47  Supply Depot  
  120  16:01  Missile Turret  
  120  16:10  Supply Depot  
  120  16:14  Terran Infantry Armor Level 1  
  120  16:32  Banshee x2  
  126  16:42  Supply Depot  
  126  16:44  Supply Depot  
  126  17:15  Banshee x2  
  126  17:19  Supply Depot  
  132  17:27  Terran Vehicle Weapons Level 1  
  132  17:30  Supply Depot  
  132  17:39  Missile Turret  
  132  17:40  Refinery  
  132  17:41  Supply Depot  
  132  17:44  Refinery  
  132  17:53  Supply Depot  
  132  17:58  Banshee x2  
  132  17:59  Marine x3  
  141  18:08  Thor, Neosteel Armor  
  147  18:17  Marine x3  
  147  18:19  Armory  
  150  18:24  Fusion Core  
  150  18:35  Marine x3  
  150  18:41  Banshee x2  
  159  18:51  Thor  
  159  18:52  Marine  
  159  18:53  Marine x2  
  168  19:10  Marine x2  
  168  19:11  Marine  
  171  19:24  Banshee x2  
  174  19:28  Marine x3  
  180  19:34  Thor  
  186  19:46  Marine  
  186  19:47  Terran Infantry Weapons Level 2  
  187  20:17  Thor  
  187  21:00  Thor  
Tags
 
Add a new tag
Caveats
  • Supply blocks, unpowered buildings, or Contaminate may cause inaccurate times.
  • Supply counts are checked every 10 seconds.